 Dungeon Crawl Stone Soup version 0.26-a0-362-g1d9a9cd4fa (webtiles) character file.

Game seed: 1860734588355527624

191 Gargoyl the Skirmisher (level 5, 0/47 HPs)
             Began as a Gnoll Abyssal Knight on July 18, 2020.
             Was a Believer of Lugonu.
             Slain by a worker ant (6 damage)
             ... on level 4 of the Dungeon.
             The game lasted 00:07:45 (2678 turns).

Gargoyl the Skirmisher (Gnoll Abyssal Knight)       Turns: 2678, Time: 00:07:45

Health: 0/47       AC:  5    Str: 13 (16) XL:     5   Next: 70%
Magic:  7/8        EV: 10    Int: 11 (14) God:    Lugonu [**....]
Gold:   291        SH:  7    Dex: 13 (14) Spells: 6/7 levels left

rFire    . . .     SeeInvis .   a - +1 hand axe
rCold    . . .     Faith    .   m - +0 kite shield
rNeg     + + .     Spirit   .   d - +1 robe of a volcano {rN++}
rPois    .         Reflect  .   (no helmet)
rElec    .         Harm     .   q - +0 cloak
rCorr    .                      (no gloves)
MR       .....                  g - +0 pair of boots
Stlth    ++........             c - amulet of regeneration
HPRegen  0.55/turn              j - ring of flight
MPRegen  0.11/turn              (no ring)

@: lethally poisoned (0 -> -1), flying, very slightly contaminated
A: distributed training, fangs 1, strong nose
a: Depart the Abyss, Bend Space, Renounce Religion


You were on level 4 of the Dungeon.
You worshipped Lugonu.
Lugonu was pleased with you.
You visited 1 branch of the dungeon, and saw 4 of its levels.
You visited the Abyss 1 time.

You collected 291 gold pieces.

Inventory:

Hand Weapons
 a - a +1 hand axe (weapon)
Armour
 d - the +1 robe of a volcano (worn) {rN++}
   (You found it on level 3 of the Abyss)

   It greatly protects you from negative energy.
 g - a +0 pair of boots (worn)
 m - a +0 kite shield (worn)
 q - a +0 cloak (worn)
Jewellery
 c - an amulet of regeneration (around neck)
 j - a ring of flight (left hand)
Scrolls
 f - 3 scrolls of remove curse
 o - a scroll of identify
Potions
 b - a potion of brilliance


   Skills:
 + Level 6.7 Fighting
 + Level 1.5 Short Blades
 + Level 1.5 Long Blades
 + Level 4.8 Axes
 + Level 1.5 Maces & Flails
 + Level 1.5 Polearms
 + Level 1.5 Staves
 + Level 1.5 Slings
 + Level 1.5 Bows
 + Level 1.5 Crossbows
 + Level 1.5 Throwing
 + Level 4.8 Armour
 + Level 3.0 Dodging
 + Level 1.5 Stealth
 + Level 1.5 Shields
 + Level 1.5 Unarmed Combat
 + Level 1.5 Spellcasting
 + Level 1.2 Conjurations
 + Level 1.2 Hexes
   Level 0.0 Charms
 + Level 1.2 Summonings
 + Level 1.2 Necromancy
 + Level 1.2 Translocations
 + Level 1.2 Transmutations
 + Level 1.2 Fire Magic
 + Level 1.2 Ice Magic
 + Level 1.2 Air Magic
 + Level 1.2 Earth Magic
 + Level 1.2 Poison Magic
 + Level 4.9 Invocations
 + Level 1.5 Evocations


You had 6 spell levels left.
You knew the following spells:

 Your Spells              Type           Power        Failure   Level
a - Corona                Hex            #......      71%         1

Your spell library contained the following spells:

 Spells                   Type           Power        Failure   Level
 Ensorcelled Hibernation  Hex/Ice        #.....       85%         2
 Confusing Touch          Hex            #.......     97%         3
 Dazzling Flash           Conj/Hex       #.....       97%         3
 Tukima's Dance           Hex            #.......     97%         3


Dungeon Overview and Level Annotations

Branches:
Dungeon (4/15)             Temple (0/1) D:4

Altars:
Ashenzari

Shops:
D:4 [


Innate Abilities, Weirdness & Mutations

Your experience applies equally to all skills.
You have very sharp teeth.
Your uncanny sense of smell can sniff out nearby items.


Message History

You hit the worker ant but do no damage.
You feel sick. The worker ant bites you.
* * * LOW HITPOINT WARNING * * *
Something hits you but does no damage. The worker ant bites you.
* * * LOW HITPOINT WARNING * * *
Unknown command.
It was a potion of flight.
You feel very buoyant.
You fly up into the air.
You hear some strange, mumbled words.
A puff of flame appears from out of thin air!
You block the puff of flame. The worker ant barely misses you.
You feel sick. Something hits you but does no damage.
You feel sick. The worker ant bites you.
* * * LOW HITPOINT WARNING * * *
You feel sick.
There is a stone staircase leading up here.
The worker ant bites you.
You die...

### #.# #..........^...... ..#
#.# #.........####.... ..#
######.###....[....# #....
..#####..................####.)..
..............................)..
.................................
..#####..........#####.####.####.
..# #.........a#.....# #..# #.
#######.........@#.##..#####.###.
....#............# #..#.........
#...#.###'####...# #..o.........
....#.##P.P# ###.# #.##.........
..#.'.#P...P# ..# #. #.o.......
....###P.>.P# ### #. #.........
#...# #P...P# #. #......... ....#
##PPP## #. #......... ##### #####
#. #........)


You could see a worker ant.

Vanquished Creatures
  A hound (D:2)
  An orc priest (D:3)
  An iguana (D:4)
  3 adders
  A shadow imp (D:3)
  4 dart slugs
  13 orcs
  4 goblins
  6 hobgoblins
  2 quokkas (D:3)
  7 bats
  7 frilled lizards
  5 kobolds
  5 rats
60 creatures vanquished.

Notes
Turn   | Place    | Note
-------+----------+-------------------------------------------
     0 | Abyss:1  | Gargoyl the Gnoll Abyssal Knight began the quest for the
                  | Orb.
     0 | Abyss:1  | Reached XP level 1. HP: 23/23 MP: 3/3
    17 | Abyss:1  | Found a corrupted altar of Lugonu.
    63 | Abyss:2  | Found a corrupted altar of Lugonu.
    95 | Abyss:3  | Found a corrupted altar of Lugonu.
    98 | Abyss:3  | Got a thick robe
   102 | Abyss:3  | Noticed a neqoxec
   109 | D:1      | Escaped the Abyss
   115 | D:1      | Identified the cursed +1 robe of a volcano {rN++} (You
                  | found it on level 3 of the Abyss)
   224 | D:1      | You fall into a shaft and drop 1 floor!
   267 | D:2      | Reached * piety under Lugonu
   338 | D:2      | Reached XP level 2. HP: 6/29 MP: 5/5
   609 | D:2      | Reached XP level 3. HP: 17/35 MP: 6/6
   705 | D:1      | Reached skill level 1 in Short Blades
   705 | D:1      | Reached skill level 1 in Long Blades
   705 | D:1      | Reached skill level 1 in Maces & Flails
   705 | D:1      | Reached skill level 1 in Polearms
   705 | D:1      | Reached skill level 1 in Staves
   705 | D:1      | Reached skill level 1 in Slings
   705 | D:1      | Reached skill level 1 in Bows
   705 | D:1      | Reached skill level 1 in Crossbows
   705 | D:1      | Reached skill level 1 in Throwing
   705 | D:1      | Reached skill level 1 in Stealth
   705 | D:1      | Reached skill level 1 in Shields
   705 | D:1      | Reached skill level 1 in Unarmed Combat
   705 | D:1      | Reached skill level 1 in Spellcasting
   705 | D:1      | Reached skill level 1 in Evocations
   940 | D:1      | Reached XP level 4. HP: 41/41 MP: 7/7
  1674 | D:2      | Learned a level 1 spell: Corona
  1770 | D:3      | Reached ** piety under Lugonu
  1834 | D:3      | Found a faded altar of an unknown god.
  1875 | D:3      | Reached skill level 1 in Conjurations
  1875 | D:3      | Reached skill level 1 in Hexes
  1875 | D:3      | Reached skill level 1 in Summonings
  1875 | D:3      | Reached skill level 1 in Necromancy
  1875 | D:3      | Reached skill level 1 in Translocations
  1875 | D:3      | Reached skill level 1 in Transmutations
  1875 | D:3      | Reached skill level 1 in Fire Magic
  1875 | D:3      | Reached skill level 1 in Ice Magic
  1875 | D:3      | Reached skill level 1 in Air Magic
  1875 | D:3      | Reached skill level 1 in Earth Magic
  1875 | D:3      | Reached skill level 1 in Poison Magic
  2272 | D:4      | Found a staircase to the Ecumenical Temple.
  2369 | D:4      | Reached XP level 5. HP: 33/47 MP: 6/8
  2415 | D:4      | Found Wuogaloo's Armour Shoppe.
  2483 | D:4      | Found a shattered altar of Ashenzari.
  2678 | D:4      | Slain by a worker ant

Illustrated notes

Levels and vault maps discovered:
D:1:      dpeg_arrival_central, layout_basic
D:2:      layout_basic, minmay_tetromino_l2
D:3:      layout_rooms, chequers_ecumenical_altar_island
D:4:      layout_basic, lemuel_crystal_altar,
          minmay_temple_entry_enclosed_plants, serial_shops, shop,
          kennysheep_generic_room_10

Skill      XL: |  1  2  3  4  5 |
---------------+----------------+-----
Short Blades   | 1 |  1.5
Long Blades    | 1 |  1.5
Maces & Flails | 1 |  1.5
Polearms       | 1 |  1.5
Staves         | 1 |  1.5
Slings         | 1 |  1.5
Bows           | 1 |  1.5
Crossbows      | 1 |  1.5
Throwing       | 1 |  1.5
Stealth        | 1 |  1.5
Shields        | 1 |  1.5
Unarmed Combat | 1 |  1.5
Spellcasting   | 1 |  1.5
Evocations     | 1 |  1.5
Conjurations   | 1 |  1.2
Hexes          | 1 |  1.2
Summonings     | 1 |  1.2
Necromancy     | 1 |  1.2
Translocations | 1 |  1.2
Transmutations | 1 |  1.2
Fire Magic     | 1 |  1.2
Ice Magic      | 1 |  1.2
Air Magic      | 1 |  1.2
Earth Magic    | 1 |  1.2
Poison Magic   | 1 |  1.2
Dodging        | 3 |  3.0
Fighting       | |  6.7
Axes           | |  4.8
Armour         | |  4.8
Invocations    | |  4.9

Action                   |  1- 3 |  4- 6 || total
-------------------------+-------+-------++-------
Melee: Hand axe          |    49 |   126 ||   175
       Bite              |     7 |    15 ||    22
 Cast: Corona            |       |     7 ||     7
Invok: Depart the Abyss  |     1 |       ||     1
  Use: Scroll            |     2 |     6 ||     8
       Potion            |       |     7 ||     7
Armor: Robe              |     9 |    37 ||    46
Dodge: Dodged            |    32 |    56 ||    88
Block: Kite shield       |       |    53 ||    53
       Buckler           |       |     1 ||     1

Table legend:
 A = Non-vault XP
 B = Vault XP
 C = Vault XP percentage of total XP
 D = Non-vault monster count
 E = Vault monster count
 F = Vault count percentage of total count
                 A         B        C        D         E       F
            +---------+---------+-------+---------+---------+-------
      Total |     273 |       1 |   0.4 |      59 |       1 |   1.7
            +---------+---------+-------+---------+---------+-------
        D:1 |      22 |       0 |   0.0 |      11 |       0 |   0.0
        D:2 |      80 |       1 |   1.2 |      21 |       1 |   4.5
        D:3 |     107 |       0 |   0.0 |      20 |       0 |   0.0
        D:4 |      64 |       0 |   0.0 |       7 |       0 |   0.0
            +---------+---------+-------+---------+---------+-------
